 Dungeon Crawl Stone Soup version 0.18.1-48-g4cf74bf (webtiles) character file.

18 pancakeRgood the Sneak (level 2, 0/18 HPs)
             Began as a Kobold Assassin on Aug 8, 2016.
             Succumbed to an adder's poison
             ... on level 2 of the Dungeon.
             The game lasted 00:08:52 (1245 turns).

pancakeRgood the Sneak (Kobold Assassin)            Turns: 1245, Time: 00:08:59

Health: 0/18       AC:  3    Str:  9    XL:     2   Next: 85%
Magic:  2/2        EV: 14    Int:  9    God:
Gold:   35         SH:  0    Dex: 17    Spells: 0 memorised, 1 level left

rFire  . . .     SeeInvis .     a - +2 dagger
rCold  . . .     Gourm    .     c - +0 robe
rNeg   . . .     Faith    .     (shield restricted)
rPois  .         Spirit   .     (no helmet)
rElec  .         Dismiss  .     d - +0 cloak
rCorr  .         Reflect  .     (no gloves)
SustAt .         Harm     .     (no boots)
MR     .....                    (no amulet)
Stlth  ++++......               (no ring)
                                (no ring)

@: lethally poisoned (0 -> -12), not resistant to hostile enchantments, stealthy
A: carnivore 3
a: no special abilities


You were on level 2 of the Dungeon.
You were completely stuffed.

You visited 1 branch of the dungeon, and saw 2 of its levels.

You collected 35 gold pieces.

Inventory:

Hand Weapons
 a - a +2 dagger (weapon)
 b - a +0 blowgun
 i - a +0 mace
 m - a +0 dagger
 n - a +0 whip
 r - a +0 dagger
 t - a +0 short sword
Missiles
 e - 20 poisoned needles
 f - 2 curare-tipped needles
 h - 97 stones (quivered)
 l - 28 arrows
 q - 35 bolts
Armour
 c - a +0 robe (worn)
 d - a +0 cloak (worn)
 s - a +0 ring mail
 x - a +0 ring mail
Potions
 j - a potion of cure mutation
 k - a potion of degeneration {unknown}
 p - 2 potions of brilliance {unknown}
 u - a potion of might {unknown}
 z - a potion of lignification {unknown}
Comestibles
 v - 5 fruits
 w - a bread ration


   Skills:
 + Level 2.4 Fighting
 + Level 2.8 Short Blades
 + Level 2.3 Throwing
 + Level 1.3 Dodging
 + Level 6.0 Stealth


You had one spell level left.
You didn't know any spells.

Dungeon Overview and Level Annotations

Branches:
Dungeon (2/15)

Altars:
Ashenzari
Pakellas
Vehumet
Xom
Yredelemnul


Innate Abilities, Weirdness & Mutations

You are small and have problems with some larger weapons.
You are carnivorous and can eat meat at any time.


Message History

You hit the adder.
The adder is moderately wounded.
The adder bites you.
* * * LOW HITPOINT WARNING * * *
You are more poisoned.
The adder poisons you!
* * * LOW HITPOINT WARNING * * *
You feel sick. The adder closely misses you.
* * * LOW HITPOINT WARNING * * *
You feel sick.
Drop what? 24/52 slots (_ for help) (? for menu, Esc to quit)
Okay, then.
Eat which item? (? for menu, Esc to quit)
* * * LOW HITPOINT WARNING * * *
You feel sick. The adder misses you.
You continue eating.
* * * LOW HITPOINT WARNING * * *
You feel sick. The adder closely misses you.
You continue eating.
You die...

... ..............# #.##.
..#
.......)###.#.########.##.
... .#.#.#..#
#.#.#.........#. # #..#
#.#.#.######.##.
#..###.#.#.# #.##.
#....#.#.#.# #.##.
##...#.#.#.# #....
#.#.##...#.#.#.# #.###
#......S@#.#.#.# #.#
###(.....#...#.# #.#
..........#.###.# #.#
########..#.###.######.#
............#......#
##.##.#.#####.###### .
#...# #.# # #...# #.#
.....# #.#


You could see an adder.

Vanquished Creatures
  A giant gecko (D:1)
  3 giant cockroaches
  2 hobgoblins
  3 kobolds
  A bat (D:2)
  4 goblins
14 creatures vanquished.

Notes
Turn   | Place    | Note
--------------------------------------------------------------
     0 | D:1      | pancakeRgood the Kobold Assassin began the quest for the Orb.
     0 | D:1      | Reached XP level 1. HP: 12/12 MP: 1/1
   228 | D:1      | Reached XP level 2. HP: 15/17 MP: 2/2
   789 | D:2      | Found an oddly glowing altar of Pakellas.
   796 | D:2      | Found a shattered altar of Ashenzari.
   796 | D:2      | Found a shimmering altar of Xom.
   818 | D:2      | Found a basalt altar of Yredelemnul.
   824 | D:2      | Found a radiant altar of Vehumet.
  1222 | D:2      | Reached skill level 6 in Stealth
  1245 | D:2      | Succumbed to an adder's poison

Skill      XL: |  1  2 |
---------------+-------+-----
Stealth        | 6 |  6.0
Fighting       | |  2.4
Short Blades   | |  2.8
Throwing       | |  2.3
Dodging        | |  1.3

Action                   || total
-------------------------++-------
Melee: Dagger            ||    42
 Fire: Blowgun           ||     7
Throw: Stone             ||     6
  Use: Scroll            ||     1
 Stab: Sleeping          ||     2
  Eat: Chunk             ||     8
       Meat ration       ||     1
Armor: Robe              ||     6
Dodge: Dodged            ||    22
